 Dungeon Crawl Stone Soup version 0.32-a0-42-ga30500b4d3 (webtiles) character file.

Game seed: 18190898940119528677

2249 protoss039 the Digger (level 9, 68/68 HPs)
             Began as a Demonspawn Earth Elementalist on Dec 6, 2023.
             Got out of the dungeon alive.
             The game lasted 00:14:51 (7529 turns).

protoss039 the Digger (DsEE)                        Turns: 7529, Time: 00:14:52

Health: 68/68      AC: 12    Str:  8    XL:     9   Next: 15%
Magic:  16/16      EV:  9    Int: 19    God:
Gold:   85         SH:  5    Dex: 15    Spells: 11/18 levels left

rFire   . . .        v - +1 dagger (venom)
rCold   + . .        b - +0 buckler
rNeg    . . .        N - +3 ring mail {rC+}
rPois   .            c - +1 helmet of the Baku {Will+}
rElec   .            I - scarf {repulsion}
rCorr   .            (no gloves)
SInv    .            t - +0 pair of boots
Will    +....        o - amulet of the acrobat
Stlth   +            G - ring of wizardry
HPRegen 0.31/turn    u - +4 ring of slaying
MPRegen 0.15/turn

%: repel missiles, acrobat, wizardry (x1)
@: no status effects
A: claws 2, demonic guardian 3, ignite blood 1
a: no special abilities


You escaped.
You visited 1 branch of the dungeon, and saw 6 of its levels.

You collected 299 gold pieces.
You spent 214 gold pieces at shops.

Inventory:

Hand Weapons
 v - a +1 dagger of venom (weapon)
 E - a +1 dagger of flaming
Armour
 a - a +0 robe
 b - a +0 buckler (worn)
 c - the +1 helmet of the Baku (worn) {Will+}
   (You found it on level 4 of the Dungeon)

   Will+:     It increases your willpower.
 k - a +0 cloak
 t - a +0 pair of boots (worn)
 y - a +3 leather armour of fire resistance
 I - a scarf of repulsion (worn)
 N - a +3 ring mail of cold resistance (worn)
 Q - +0 acid dragon scales
Jewellery
 e - a ring of poison resistance
 i - a ring of see invisible
 n - a ring of fire
 o - an amulet of the acrobat (around neck)
 u - a +4 ring of slaying (right claw)
 x - the amulet "Kiapp" {Spirit -Cast rC+ Str+9}
   (You took it off a kobold on level 3 of the Dungeon)

   [amulet of guardian spirit]

   Spirit:    It causes incoming damage to be divided between your reserves of
   health and magic.
   Str+9:     It affects your strength (+9).
   rC+:       It protects you from cold.
   -Cast:     It prevents spellcasting.
 G - a ring of wizardry (left claw)
 H - a ring of protection from cold
Wands
 q - a wand of digging (6)
 B - a wand of charming (16)
 D - a wand of iceblast (3)
 K - a wand of flame (8)
Scrolls
 h - a scroll of fog
 p - 2 scrolls of fear
 r - 2 scrolls of torment
 C - a scroll of revelation
 J - a scroll of enchant weapon
 L - a scroll of brand weapon
 M - a scroll of poison
 P - a scroll of blinking
Potions
 d - a potion of brilliance {unknown}
 f - 4 potions of curing
 g - a potion of attraction {unknown}
 l - 2 potions of mutation {unknown}
 m - 4 potions of heal wounds {unknown}
 s - a potion of berserk rage {unknown}
 w - 2 potions of haste {unknown}
 z - 2 potions of ambrosia
 A - 3 potions of lignification {unknown}
 F - 2 potions of enlightenment {unknown}
 O - 2 potions of invisibility {unknown}


   Skills:
 + Level 5.2 Fighting
 * Level 5.4 Armour
 - Level 1.7 Dodging
 - Level 1.7 Stealth
 - Level 3.0 Shields
 + Level 5.1 Spellcasting
 - Level 3.0 Conjurations
 + Level 5.6 Earth Magic
 - Level 1.0 Alchemy


You had 11 spell levels left.
You knew the following spells:

 Your Spells              Type           Power      Damage    Failure   Level
a - Sandblast             Erth           52%        2d12      1%          1
b - Passwall              Erth           26%        N/A       6%          3
c - Stone Arrow           Conj/Erth      42%        3d9       11%         3

Your spell library contained the following spells:

 Spells                   Type           Power      Damage    Failure   Level
 Brom's Barrelling Bould  Conj/Erth      21%        2d4       32%         4
 Petrify                  Alch/Erth      17%        N/A       45%         4
 Summon Blazeheart Golem  Fire/Summ      4%         N/A       87%         4
 Orb of Destruction       Conj           8%         9d6       100%        7
 Spellforged Servitor     Conj/Summ      5%         N/A       100%        7


Dungeon Overview and Level Annotations

Branches:
Dungeon (6/15) Zot: 24322
 Temple: D:4-7

Altars:
Nemelex Xobeh
Ru
Trog

Shops:
D:6 **[[


Innate Abilities, Weirdness & Mutations

You have very sharp fingernails.
A powerful demonic guardian rushes to your aid.
Your demonic aura sometimes causes spilled blood to erupt in flames.


Message History

Okay, then.
As you read the scroll of identify, it crumbles to dust.
f - 4 potions of curing Unknown command.
Okay, then.
Okay, then.
You climb downwards.
There is a stone staircase leading up here.
Unknown command.
Done exploring.
Done exploring.
Saving game... please wait.
Your Alchemy skill increases to level 1!
Welcome back, protoss039 the Demonspawn Earth Elementalist.
Press ? for a list of commands and other information.
Press: ? - help, v - describe, . - travel A stone staircase leading up.
Unknown command.
Okay, then.
What level of the Dungeon? (default 1, ? - help)
You climb upwards.
There is a stone staircase leading down here.
There is an open door here.
There is a stone staircase leading up here.
You climb upwards.
There is a stone staircase leading down here.
There is a stone staircase leading up here.
You climb upwards.
There is a stone staircase leading down here.
There is a stone staircase leading up here.
You climb upwards.
There is a stone staircase leading down here.
You see here a +0 club.
There is an escape hatch in the floor here.
There is an open door here.
There is an open door here.
There is an open door here.
There is an open door here.
There is a staircase leading out of the dungeon here.
You have escaped!

#.###≈≈#.#..#..#.#≈≈###.
#....≈≈#.#..#..#.#≈≈....
#.##...'.'.8#8.'.'...##.
#.###≈≈#.#..#..#.#≈≈####
#.# #≈≈#.#..#..#.#≈≈#
#)# #≈≈#.#.....#.#≈≈#
#.# #≈##'###'###'##≈#
#.# #≈#..'....)'..#≈#
#.# #≈#@.#######.⌠#≈#
#.# #≈####≈≈≈≈≈####≈#
#.###≈≈≈≈≈≈≈≈≈≈≈≈≈≈≈#
#..........##.# #.####
######.######.# #.....
#.# ####.# ###### #.#
#....# # #.# #.#### #
#.# #.# #


There were no monsters in sight!

Vanquished Creatures
  Sigmund (D:5)
  Eustachio (D:4)
  A water moccasin (D:6)
  An ogre (D:4)
  A phantom (D:6)
  A bullfrog (D:6)
  A scorpion (D:5)
  6 hounds
  A jelly (D:6)
  3 orc priests
  A gnoll bouda (D:5)
  2 iguanas
  A sleepcap (D:5)
  Ijyb (D:3)
  An orc wizard (D:5)
  5 gnolls (D:5)
  8 adders
  2 shadow imps
  A white imp (D:6)
  2 ufetubi (D:5)
  A ribbon worm (D:2)
  3 dart slugs
  17 orcs
  6 bats
  3 endoplasms
  3 giant cockroaches
  5 goblins
  4 hobgoblins
  4 jackals (D:2)
  2 quokkas (D:2)
  3 ball pythons
  A frilled lizard (D:2)
  4 kobolds
  5 rats
102 creatures vanquished.

Vanquished Creatures (collateral kills)
  A two-headed ogre (D:5)
  Maggie (D:6)
  An adder (D:5)
  A rat (D:3)
4 creatures vanquished.

Vanquished Creatures (others)
  An ogre (D:5)
1 creature vanquished.

Grand Total: 107 creatures vanquished

Notes
Turn   | Place    | Note
-------+----------+-------------------------------------------
     0 | D:1      | protoss039 the Demonspawn Earth Elementalist began the
                  | quest for the Orb.
     0 | D:1      | Reached XP level 1. HP: 13/13 MP: 3/3
   990 | D:2      | Reached skill level 1 in Fighting
   990 | D:2      | Gained mutation: A weak demonic guardian rushes to your
                  | aid. [demonic ancestry]
   990 | D:2      | Reached XP level 2. HP: 20/21 MP: 3/5
  1359 | D:2      | Reached XP level 3. HP: 22/26 MP: 2/6
  1842 | D:2      | Learned a level 3 spell: Passwall
  1900 | D:3      | Noticed Ijyb
  1924 | D:4      | Gained mutation: You have sharp fingernails. [demonic
                  | ancestry]
  1924 | D:4      | Reached XP level 4. HP: 8/33 MP: 1/8
  2478 | D:3      | Identified the amulet "Kiapp" {Spirit -Cast rC+ Str+9}
  2623 | D:3      | HP: 1/34 [orc/stone (2)]
  2907 | D:3      | Reached XP level 5. HP: 39/39 MP: 7/9
  2910 | D:3      | Found a faded altar of an unknown god.
  3069 | D:3      | Learned a level 3 spell: Stone Arrow
  3204 | D:3      | Killed Ijyb
  3400 | D:5      | Entered Level 5 of the Dungeon
  3566 | D:5      | Reached skill level 1 in Conjurations
  3687 | D:5      | Gained mutation: A demonic guardian rushes to your aid.
                  | [demonic ancestry]
  3687 | D:5      | Reached XP level 6. HP: 45/46 MP: 8/11
  3726 | D:5      | Reached skill level 1 in Armour
  3726 | D:5      | Reached skill level 1 in Shields
  3868 | D:5      | Found a sacrificial altar of Ru.
  3879 | D:5      | Found a sparkling altar of Nemelex Xobeh.
  3879 | D:5      | Found a bloodstained altar of Trog.
  4165 | D:5      | Noticed Sigmund
  4356 | D:5      | Noticed a two-headed ogre
  4367 | D:5      | Killed a two-headed ogre
  4368 | D:5      | Gained mutation: You have very sharp fingernails. [demonic
                  | ancestry]
  4368 | D:5      | Reached XP level 7. HP: 41/53 MP: 5/12
  4443 | D:5      | Gained mutation: A powerful demonic guardian rushes to your
                  | aid. [demonic ancestry]
  4443 | D:5      | Reached XP level 8. HP: 60/60 MP: 9/14
  4832 | D:5      | Killed Sigmund
  5240 | D:6      | Reached skill level 5 in Earth Magic
  5278 | D:6      | Found Pesasules's Antique Armour Emporium.
  5560 | D:6      | Found Vareocai's General Store.
  5931 | D:6      | Found Cethra's General Store.
  5938 | D:6      | Bought a scroll of blinking for 112 gold pieces
  5938 | D:6      | Bought a scroll of identify for 30 gold pieces
  5938 | D:6      | Bought a wand of iceblast (2) for 72 gold pieces
  5998 | D:6      | Found Leurriw's Armour Emporium.
  6012 | D:6      | Noticed Maggie
  6021 | D:6      | Killed Maggie
  6022 | D:6      | Reached skill level 5 in Fighting
  6022 | D:6      | Reached skill level 5 in Armour
  6022 | D:6      | Reached skill level 5 in Spellcasting
  6022 | D:6      | Gained mutation: Your demonic aura sometimes causes spilled
                  | blood to erupt in flames. [demonic ancestry]
  6022 | D:6      | Reached XP level 9. HP: 35/68 MP: 0/16
  6693 | D:4      | Identified the +1 helmet of the Baku {Will+}
  7283 | D:4      | Noticed Eustachio
  7294 | D:4      | Killed Eustachio
  7453 | D:5      | Reached skill level 1 in Alchemy
  7453 | D:5      | Upgraded the game from 0.31-a0-1144-g99969ba1bc to
                  | 0.32-a0-42-ga30500b4d3
  7529 | D:$      | Got out of the dungeon alive.

Illustrated notes

Levels and vault maps discovered:
D:1:      heliophobic_arrival_glass_houses, layout_loops_ring,
          minmay_tetromino_t2
D:2:      layout_loops_ring
D:3:      kennysheep_six_static_rooms, layout_rooms,
          dreamdust_ecumenical_altar_angels_and_demons,
          minmay_fractal_squares_5, uniq_ijyb
D:4:      layout_gridville, uniq_eustachio
D:5:      layout_basic, grunt_temple_overflow_open, uniq_sigmund
D:6:      wander_river, layout_layer_cave, serial_shops, nicolae_shop_crystal,
          nicolae_shop_tiny_glass, shop, shop, uniq_maggie

Skill      XL: |  1  2  3  4  5  6  7  8  9 |
---------------+----------------------------+-----
Fighting       | 1 2 3 5 |  5.2
Earth Magic    | 3 4 5 |  5.6
Spellcasting   | 3 4 5 |  5.1
Conjurations   | 1 3 |  3.0
Armour         | 2 3 5 |  5.4
Shields        | 2 3 |  3.0
Alchemy        | 1 |  1.0
Dodging        | |  1.7
Stealth        | |  1.7

Action                     |  1- 3 |  4- 6 |  7- 9 || total
---------------------------+-------+-------+-------++-------
  Melee: Short sword       |    60 |    27 |       ||    87
         Dagger            |       |    58 |    50 ||   108
         Punch             |       |     1 |       ||     1
   Cast: Sandblast         |    33 |    57 |    17 ||   107
         Stone Arrow       |       |     2 |    34 ||    36
         Passwall          |       |       |     1 ||     1
  Evoke: Wand              |       |     3 |       ||     3
    Use: Potion            |     2 |     1 |       ||     3
         Scroll            |       |       |    11 ||    11
   Stab: Sleeping          |     3 |       |     1 ||     4
 Armour: Ring mail         |    91 |   104 |    50 ||   245
         Robe              |     3 |       |       ||     3
  Dodge: Dodged            |    62 |    88 |    39 ||   189
         Repelled          |       |       |     2 ||     2
  Block: Buckler           |       |     9 |    20 ||    29

Table legend: (Time is in decaauts)
 A = Elapsed time spent in this place.
 B = Non-inter-level travel time spent in this place.
 C = Inter-level travel time spent in this place.
 D = Time resting spent in this place.
 E = Time spent auto-exploring this place.
 F = Levels seen in this place.
 G = Mean time per level.
                   A        B        C        D        E       F      G
               +--------+--------+--------+--------+--------+-----+--------+
         Total |   7602 |   7131 |    471 |    529 |   5578 |   6 | 1267.0 |
       Dungeon |   7602 |   7131 |    471 |    529 |   5578 |   6 | 1267.0 |
               +--------+--------+--------+--------+--------+-----+--------+

Top non-repeatable levels by time:
     D:6: 1639 daAuts
     D:5: 1602 daAuts
     D:4: 1345 daAuts
     D:2: 1080 daAuts
     D:1: 1009 daAuts
     D:3: 925 daAuts
